[Event "*** Titled Tuesday Blitz"]
[Site "Chess.com"]
[Date "2020.02.04"]
[Round "3"]
[White "GHANDEEVAM2003"]
[Black "tarantul1"]
[Result "1-0"]
[WhiteElo "2948"]
[BlackElo "2604"]
[TimeControl "180+2"]
[EndTime "9:38:21 PST"]
[Termination "GHANDEEVAM2003 won by resignation"]

1. c4 e6 2. g3 Nf6 3. Bg2 d5 4. d4 dxc4 5. Nh3 c5 6. Be3 cxd4 7. Qxd4 Qxd4 8. Bxd4 Nc6 9. Bc3 Nd5 10. O-O Nxc3 11.
Nxc3 Bb4 12. Rac1 O-O 13. Nf4 Rd8 14. a3 Bxc3 15. Rxc3 Ne5 16. Rfc1 Bd7 17. Re3 f6 18. Bxb7 Rab8 19. Ba6 Rxb2 20. Rd1 Rdb8 21. Rxd7 Nxd7 22. Bxc4 Nc5 23. Nxe6 Nxe6 24. Rxe6 Kf8 25. Kg2 R8b6 26. Re3 Rc2 27. Re4 g6 28. Bd3 Rc3 29. a4 Ra3 30. Rd4 Rb7 31. g4 Ke7 32. Bb5 Rc7 33. h4 Ke6 34. e3 h6 35. Kf3 f5 36. gxf5+ Kxf5 37. Rd6 g5 38. h5 Ra2 39. Rxh6 g4+ 40. Kg3 Kg5 41. Rg6+ Kf5 42. Bd3+ Ke5 43. h6 Rh7 44. Ra6 Rh8 45. h7 1-0

[Event "*** Titled Tuesday Blitz"]
[Site "Chess.com"]
[Date "2020.02.04"]
[Round "3"]
[White "Evgeny81"]
[Black "Korona_91"]
[Result "1-0"]
[WhiteElo "2623"]
[BlackElo "2387"]
[TimeControl "180+2"]
[EndTime "9:38:21 PST"]
[Termination "Evgeny81 won by checkmate"]

1. d4 g6 2. e4 Bg7 3. c4 d6 4.
Nc3 e5 5. dxe5 Bxe5 6. Nf3 Bg7 7.
Be2 Nc6 8. O-O Nf6 9. Bg5 h6 10. Bh4 O-O 11. Re1 g5 12. Bg3 Re8 13. Nd2 Ne5 14. h3 Ng6 15. Qc2 b6 16. Rad1 Bb7 17. Nd5 c6 18. Ne3 d5 19. cxd5 cxd5 20. Nf5 Nxe4 21.
Nxe4 Rxe4 22. Bf3 Rxe1+ 23. Rxe1 Rc8 24. Qb3 Qf6 25. Nd6 Rb8 26. Ne8 Rxe8 27. Rxe8+ Kh7 28.
Bxd5 Bxd5 29. Qxd5 h5 30. h4 Bh6 31. hxg5 Bxg5 32.
Be5 Qf5 33. Qf3 Qb1+ 34. Kh2 Kh6 35. Qxf7 Qc1 36. Qg7# 1-0

[Event "*** Titled Tuesday Blitz"]
[Site "Chess.com"]
[Date "2020.02.04"]
[Round "3"]
[White "iLuusions"]
[Black "malandragem"]
[Result "0-1"]
[WhiteElo "2586"]
[BlackElo "2271"]
[TimeControl "180+2"]
[EndTime "9:38:23 PST"]
[Termination "malandragem won by resignation"]

1. d4 Nf6 2. c4 e6 3. Nf3 Bb4+ 4.
Nbd2 d6 5. a3 Bxd2+ 6. Qxd2 Nbd7 7. g3 b6 8. Bg2 Bb7 9. O-O a5 10. a4 O-O 11. b3 Qe7 12. Ba3 c5 13. Rad1 Rad8 14. Rfe1 Rfe8 15. dxc5 Nxc5 16. Qa2 e5 17. Bb2 g6 18. h3 h5 19. Nh2 h4 20. g4 Bxg2 21. Kxg2 Qb7+ 22. f3 d5 23. Bc1 Kg7 24. Bg5 Ne6 25. Bxh4 Nf4+ 26. Kg1 Nxh3+ 27. Kf1 g5 28. Bg3 d4 29. Qd2 Nf4 30. e3 Nxg4 31. exf4 Ne3+ 32. Rxe3 dxe3 33. Qc2 Rxd1+ 34. Qxd1 gxf4 35. Be1 Rh8 36. Qc2 Qe7 37. Qg2+ Kf8 38. Ng4 f5 39. Nh2 Rg8 40. Qh3 Qg5 41. Bc3 Qg1+ 42. Ke2 Rg2+ 0-1

[Event "*** Titled Tuesday Blitz"]
[Site "Chess.com"]
[Date "2020.02.04"]
[Round "3"]
[White "Yoshkinkot"]
[Black "vinniethepooh"]
[Result "1/2-1/2"]
[WhiteElo "2579"]
[BlackElo "2792"]
[TimeControl "180+2"]
[EndTime "9:38:28 PST"]
[Termination "Game drawn by repetition"]

1. e4 c5 2. Nf3 d6 3. Bb5+ Nd7 4. d4 cxd4 5. Qxd4 a6 6. Bxd7+ Bxd7 7. c4 e5 8. Qd3 b5 9. Nc3 bxc4 10. Qxc4 Qc8 11. Qd3 Qb7 12. O-O h6 13. b3 Nf6 14.
Ba3 Bc6 15. Rfe1 Be7 16. Nd2 O-O 17. Nc4 Rfd8 18. Na5 Qc7 19. Nxc6 Qxc6 20. Rac1 Qb7 21. Red1 Rac8 22. Nd5 Nxd5 23. Qxd5 Qxd5 24. exd5 f5 25. Kf1 Kf7 26. Ke2 Ke8 27. f3 Kd7 28. Rc4 Rxc4 29.
bxc4 Rb8 30. Kd3 Bf6 31. Re1 a5 32. Kc2 a4 33. Rb1 Rxb1 34. Kxb1 e4 35. fxe4 fxe4 36. Kc2 Bd4 37. h3 g6 38. Kd2 Ke7 39. Ke2 Kd7 40. Bc1 h5 41. Be3 Be5 42. Bb6 Bf4 43. Be3 Be5 44.
Bd2 Bd4 45. Bb4 Kc7 46. Ba3 Kd7 47. Bb4 Kc7 48. Ba3 Kd7 49. Bb4 1/2-1/2

[Event "*** Titled Tuesday Blitz"]
[Site "Chess.com"]
[Date "2020.02.04"]
[Round "3"]
[White "Reality-Stone"]
[Black "inegrepus"]
[Result "0-1"]
[WhiteElo "2472"]
[BlackElo "2270"]
[TimeControl "180+2"]
[EndTime "9:38:36 PST"]
[Termination "inegrepus won by checkmate"]

1. d4 Nf6 2. Bf4 d6 3. Nc3 c5 4.
d5 g6 5. e4 Bg7 6. Qd2 a6 7.
a4 Qa5 8. h4 b5 9. e5 dxe5 10.
Bxe5 Nbd7 11. Nf3 Bb7 12. Be2 Nxe5 13. Nxe5 Nxd5 14. f4 Nxc3 15. bxc3 Rd8 16. Qe3 Bxg2 17. Rg1 Ba8 18. Kf2 b4 19. h5 bxc3 20. Bc4 Bd5 21.
Bxd5 Rxd5 22. Rgd1 Rd4 23. Rab1 O-O 24. hxg6 fxg6 25. Nc6 Rdxf4+ 26. Kg2 Rf2+ 27. Kg1 Qc7 28. Nxe7+ Kh8 29. Nxg6+ hxg6 30. Qh3+ Kg8 31. Qe6+ R8f7 32. Qh3 Bd4 33. Rxd4 cxd4 34. a5 Qf4 35. Re1 Qg5+ 36.
Kh1 Qd5+ 37. Kg1 Qg5+ 38. Kh1 Qf5 39. Qh6 Qf3+ 40. Kg1 Qg2# 0-1

[Event "*** Titled Tuesday Blitz"]
[Site "Chess.com"]
[Date "2020.02.04"]
[Round "3"]
[White "RoelandPruijssers"]
[Black "hanzo_hasashi1"]
[Result "0-1"]
[WhiteElo "2600"]
[BlackElo "2838"]
[TimeControl "180+2"]
[EndTime "9:38:37 PST"]
[Termination "hanzo_hasashi1 won by resignation"]

1. e4 c5 2. Nf3 d6 3. d4 cxd4 4.
Nxd4 Nf6 5. Nc3 a6 6. Be3 e5 7. Nb3 Be6 8. Qd2 Be7 9. O-O-O Nbd7 10. f3 b5 11. g4 b4 12. Nd5 Bxd5 13. exd5 a5 14.
Bb5 O-O 15. Bc6 a4 16. Na1 Rb8 17. g5 Nh5 18. h4 f6 19. Bxa4 fxg5 20. hxg5 g6 21.
Qg2 Nb6 22. Bb3 Nf4 23. Qh2 Rf7 24. Bxf4 exf4 25. Rde1 Bxg5 26. Re6 Bf6 27. Kb1 Bd4 28. Qd2 Bc5 29. Qd3 Qg5 30. c3 bxc3 31. Qxc3 Nd7 32. Rhe1 Bb4 33. Re8+ Rf8 34. Rxf8+ Nxf8 35. Qc7 Bxe1 36.
Qxb8 Qg1 37. a3 Bc3+ 38. Ka2 Be5 39. Nc2 h5 40. a4 Qc1 41. Ka3 Qxb2+ 42. Kb4 Qc3+ 43.
Ka3 h4 44. a5 Qxa5+ 45. Ba4 Qc3+ 46. Bb3 h3 0-1

[Event "*** Titled Tuesday Blitz"]
[Site "Chess.com"]
[Date "2020.02.04"]
[Round "3"]
[White "Kira170"]
[Black "rpragchess"]
[Result "0-1"]
[WhiteElo "2501"]
[BlackElo "2817"]
[TimeControl "180+2"]
[EndTime "9:38:38 PST"]
[Termination "rpragchess won by resignation"]

1. d4 Nf6 2. Nc3 d5 3. Bf4 e6 4. e3 Be7 5. Nb5 Na6 6. c4 O-O 7. Nf3 Bb4+ 8. Nc3 c5 9. dxc5 Nxc5 10. Be2 Nce4 11. Qb3 Qa5 12. O-O Bxc3 13. bxc3 b6 14. cxd5 Nxd5 15. Be5 Ba6 16. Bxa6 Qxa6 17. c4 Ne7 18. Rfd1 Rfd8 19. Qc2 Qb7 20. Rd4 Rxd4 21. exd4 Rc8 22. Re1 f5 23. h4 Nc6 24. Qa4 Na5 25. c5 Qc6 26. Qb4 Qd7 27. cxb6 Nc6 28. Qa3 axb6 29. Qb2 Qb7 30. h5 Ne7 31. h6 gxh6 32.
Nd2 Nxd2 33. Qxd2 Ng6 34. Qxh6 Rc2 35. Qg5 Qd7 36. Qf6 Rxa2 37. d5 exd5 38. Bd4 Ra8 39. Qg5 Re8 40. Rb1 b5 41. Qf6 Re6 42. Qg5 Re4 43. Qf6 Re6 44. Qg5 Qe7 45. Qd2 b4 46. Rxb4 Re1+ 0-1

[Event "*** Titled Tuesday Blitz"]
[Site "Chess.com"]
[Date "2020.02.04"]
[Round "3"]
[White "kuli4ik"]
[Black "Kirill_Kopenkin"]
[Result "0-1"]
[WhiteElo "2842"]
[BlackElo "2534"]
[TimeControl "180+2"]
[EndTime "9:38:48 PST"]
[Termination "Kirill_Kopenkin won by resignation"]

1. g3 g6 2. Bg2 Bg7 3. c4 Nf6 4.
Nf3 O-O 5. O-O d6 6. d4 Nc6 7. Nc3 e5 8. d5 Ne7 9. e4 Nd7 10. Ne1 f5 11. exf5 Nxf5 12. Nc2 a5 13. Ne3 Nd4 14.
Ng4 h5 15. Ne3 Nc5 16. Ne4 Nxe4 17. Bxe4 Qf6 18. f3 b6 19. Qd3 Bf5 20. Kg2 Rf7 21. Bd2 Raf8 22. Bxf5 gxf5 23. Nc2 Nxc2 24.
Qxc2 Qg6 25. f4 h4 26. Bc3 hxg3 27. hxg3 e4 28. Rh1 Bxc3 29. Qxc3 Rg7 30. Rh4 Re8 31. Re1 Kf7 32. Qe3 Qf6 33. b3 Qxh4 34. Rh1 Qf6 35.
Rh5 Reg8 36. Rh3 Qb2+ 37. Kg1 Qb1+ 38. Kg2 Qd3 39. Qe1 Qf3+ 40. Kh2 e3 41. Qb1 Qf2+ 42.
Kh1 Qf3+ 43. Kh2 Qf2+ 44. Kh1 e2 45. Qxf5+ Ke7 46. Qe6+ Kd8 47. Qxe2 0-1

[Event "*** Titled Tuesday Blitz"]
[Site "Chess.com"]
[Date "2020.02.04"]
[Round "3"]
[White "MikeSailer"]
[Black "Me_ch_an"]
[Result "0-1"]
[WhiteElo "2078"]
[BlackElo "2344"]
[TimeControl "180+2"]
[EndTime "9:38:48 PST"]
[Termination "Me_ch_an won by resignation"]

1. Nf3 c5 2. b3 Nc6 3. Bb2 d6 4. e3 e5 5. Be2 g6 6. O-O Bg7 7. c4 Nge7 8. Nc3 h6 9. Nd5 Be6 10. Nxe7 Qxe7 11. d4 cxd4 12. exd4 e4 13. Ne1 d5 14.
Nc2 O-O 15. Ba3 Qg5 16. Bxf8 Rxf8 17. Re1 Rd8 18. cxd5 Bxd5 19. Bc4 Nxd4 20. Nxd4 Bxc4 21. bxc4 Bxd4 22. Qe2 Bxa1 23. Rxa1 Qf4 24. Rd1 Rxd1+ 25. Qxd1 e3 26. fxe3 Qxe3+ 27. Kh1 Qf2 28. Qb1 b6 29. h3 h5 30. Qb3 h4 31. a4 g5 32.
Qb5 Qe1+ 33. Kh2 Qg3+ 34. Kh1 Kg7 35. Qd5 Kg6 36. Qe4+ Kg7 37. Qd4+ Kg8 38. Qd8+ Kh7 39. Qd5 Qe1+ 40. Kh2 Kg6 41. Qd3+ Kg7 42. Qd4+ Kg6 43. Qd3+ Kf6 44. Qd6+ Qe6 45. Qd8+ Qe7 46. Qh8+ Kf5 47.
Qh7+ Kf4 48. Qd3 Ke5 49. Qe3+ Kf6 50. Qf3+ Kg6 51. Qd3+ f5 52. Qd5 Kf6 53. Kh1 Qe1+ 54. Kh2 Qe5+ 55. Qxe5+ Kxe5 56. g3 hxg3+ 57. Kxg3 Kd4 58.
h4 gxh4+ 0-1

[Event "*** Titled Tuesday Blitz"]
[Site "Chess.com"]
[Date "2020.02.04"]
[Round "3"]
[White "AleksanderHnydiuk"]
[Black "GadimbayliA"]
[Result "1/2-1/2"]
[WhiteElo "2544"]
[BlackElo "2932"]
[TimeControl "180+2"]
[EndTime "9:38:50 PST"]
[Termination "Game drawn by stalemate"]

1. Nf3 d5 2. d4 Nc6 3. c4 Bg4 4. cxd5 Bxf3 5. gxf3 Qxd5 6. e3 e6 7. Nc3 Qd7 8. f4 g6 9. Bg2 Bg7 10. b4 Nxb4 11. Rb1 c5 12. Ne4 Nd5 13. Nxc5 Qc6 14. Rxb7 Ngf6 15. Qa4 Qxa4 16. Nxa4 O-O 17. Bd2 Rfc8 18.
Ke2 Rc4 19. Nc5 Rc2 20. a4 Ra2 21. Rc1 h5 22. Ke1 h4 23. h3 Bf8 24. Bf1 Ra3 25.
Bb5 Nb6 26. Bc6 Rc8 27. Bf3 Nxa4 28. Rxa7 Bxc5 29. dxc5 Nd5 30. Bxd5 exd5 31. c6 d4 32. c7 Kh7 33. Ke2 Nc3+ 34. Bxc3 Rxa7 35. Bxd4 Raxc7 36. Rxc7 Rxc7 37. Kf3 f5 38. Kg2 Kh6 39. Kf3 Kh5 40. Bf6 Rc2 41. Kg2 Rc1 42. Bg5 Rd1 43. Kh2 Rf1 44.
Kg2 Ra1 45. Kh2 Ra4 46. Kg2 Ra2 47. Kf3 Rb2 48. Kg2 Rb1 49. Kh2 Re1 50. Kg2 Re2 51.
Kf3 Rc2 52. Kg2 Rc3 53. Kf3 Rb3 54. Kg2 Rxe3 55. fxe3 1/2-1/2

[Event "*** Titled Tuesday Blitz"]
[Site "Chess.com"]
[Date "2020.02.04"]
[Round "3"]
[White "GukeshDommaraju"]
[Black "Hadza_3"]
[Result "1-0"]
[WhiteElo "2642"]
[BlackElo "2404"]
[TimeControl "180+2"]
[EndTime "9:38:51 PST"]
[Termination "GukeshDommaraju won by resignation"]

1. c4 e5 2. g3 Nc6 3. Bg2 Bc5 4. Nc3 d6 5. e3 a6 6. Nge2 Ba7 7. d4 h5 8. h3 h4 9. g4 f5 10. gxf5 Bxf5 11.
Qb3 Qc8 12. d5 Nce7 13. e4 Bd7 14. f4 exf4 15. Bxf4 Nf6 16. e5 dxe5 17. Bxe5 Nf5 18. Bxf6 Ne3 19. Bf3 gxf6 20. Ne4 Bxh3 21. c5 Ng2+ 22.
Kd2 Qf5 23. Rxh3 Nf4 24. Nxf4 Qxf4+ 25. Qe3 Qxe3+ 26. Kxe3 f5 27. Nc3 Bxc5+ 28. Kd3 O-O-O 29. Re1 Bd6 30. Re6 Rdg8 31. Ne2 Rd8 32. Nd4 f4 33. Rf6 Rdg8 34. Nf5 Be5 35. Ne7+ Kd7 36. Nxg8 Rxg8 37. Rf7+ Ke8 38. Rh7 Bxb2 39. Rxc7 Rg3 40.
Rxg3 fxg3 41. Bg2 Be5 42. Rxb7 1-0

[Event "*** Titled Tuesday Blitz"]
[Site "Chess.com"]
[Date "2020.02.04"]
[Round "3"]
[White "crescentmoon2411"]
[Black "Mr_Sinigami"]
[Result "1-0"]
[WhiteElo "3002"]
[BlackElo "2720"]
[TimeControl "180+2"]
[EndTime "9:38:52 PST"]
[Termination "crescentmoon2411 won by resignation"]

1. d4 Nf6 2. Nf3 g6 3. Bf4 Bg7 4. e3 d6 5. h3 O-O 6. Be2 b6 7. O-O Bb7 8. a4 a6 9. c4 Nbd7 10. Nc3 c5 11. d5 Qc7 12. Bh2 Rfe8 13. Qd2 Rad8 14. e4 Ne5 15. Nxe5 dxe5 16. a5 bxa5 17. Bd3 Rb8 18. Nd1 Nh5 19. Qxa5 Qd6 20. Re1 Nf4 21. Bf1 Bc8 22. Ra2 h5 23. Nc3 Bd7 24. Rb1 Rb6 25. b4 Rxb4 26. Rxb4 cxb4 27. c5 Qf6 28.
Qxb4 Qg5 29. Kh1 Bc8 30. c6 Bf8 31. Qb2 h4 32. Qd2 Qf6 33. Bxa6 Bxa6 34. Rxa6 Bh6 35.
Bxf4 Bxf4 36. Qe2 Qd6 37. Ra1 Qc5 38. Qf3 Rb8 39. Ne2 Bg5 40. Rf1 Kg7 41. Qc3 Qd6 42.
Ng1 Bf6 43. Nf3 e6 44. Rd1 Rc8 45. Qc4 exd5 46. exd5 Rb8 47. Nd2 Rb4 48. Ne4 Rxc4 49.
Nxd6 Rc2 50. Ne8+ 1-0

[Event "*** Titled Tuesday Blitz"]
[Site "Chess.com"]
[Date "2020.02.04"]
[Round "3"]
[White "Gordima"]
[Black "Philosopherrr"]
[Result "1-0"]
[WhiteElo "2782"]
[BlackElo "2439"]
[TimeControl "180+2"]
[EndTime "9:38:55 PST"]
[Termination "Gordima won by resignation"]

1. d4 Nf6 2. Nf3 e6 3. Bg5 c5 4.
e3 Be7 5. Nbd2 b6 6. Bd3 Bb7 7. O-O O-O 8. c3 d6 9. Qe2 Nbd7 10. Rfe1 cxd4 11. exd4 a6 12. a4 Re8 13. Qf1 Nf8 14. Bf4 Ng6 15. Bg3 Nh5 16. Be4 Nxg3 17. hxg3 Bxe4 18.
Nxe4 d5 19. Ned2 Qc7 20. Qd3 Qc6 21. Ra2 Rec8 22. Rea1 Bd6 23. Nf1 Qb7 24. Ne3 Ne7 25. Ng5 Ng6 26. f4 Be7 27. Nf3 Nf8 28. g4 Nd7 29. g5 Bd6 30. g3 Rab8 31. Kf2 Nf8 32. Ne1 Rc7 33. Qe2 b5 34. axb5 axb5 35. Ra6 Be7 36.
Nd3 b4 37. cxb4 Bxb4 38. f5 exf5 39. Nxf5 Qb5 40. Qe5 Rc2+ 41. Kg1 Ne6 42. Rxe6 Bf8 43. Ne7+ Kh8 44. Rc6 Qxd3 45. Rxc2 Re8 46. Ng6+ hxg6 47. Qxe8 Qxc2 48. Qxf8+ Kh7 49. Qxf7 Qxb2 50. Rf1 Qxd4+ 51. Qf2 Qg4 52. Qf4 Qe6 53. Rf2 Qe1+ 54. Kg2 Qe6 55.
Rd2 Qc6 56. Qd4 1-0

[Event "*** Titled Tuesday Blitz"]
[Site "Chess.com"]
[Date "2020.02.04"]
[Round "3"]
[White "sganerdene"]
[Black "DanielNaroditsky"]
[Result "0-1"]
[WhiteElo "2739"]
[BlackElo "3134"]
[TimeControl "180+2"]
[EndTime "9:38:58 PST"]
[Termination "DanielNaroditsky won by resignation"]

1. e4 e5 2. Nf3 Nc6 3. Nc3 Nf6 4.
Bb5 Nd4 5. Ba4 Bc5 6. O-O O-O 7. d3 d6 8. h3 h6 9. Be3 Nxf3+ 10. Qxf3 Bb6 11.
Ne2 Nh7 12. Ng3 Qh4 13. Bb3 Bxe3 14. fxe3 Ng5 15. Qf2 Bxh3 16. Ne2 Qxf2+ 17. Rxf2 Be6 18. c4 Kh7 19. Ng3 g6 20. Rf6 Kg7 21. Raf1 h5 22. Ne2 Bf5 23. R1xf5 gxf5 24. Rxf5 f6 25. Nc3 c6 26.
Bd1 h4 27. Bg4 Rh8 28. Kh2 Rh6 29. d4 h3 30. g3 Re8 31. d5 c5 32. Nb5 Nxe4 33.
Bf3 Nd2 34. Nxd6 Rd8 35. Ne4 Nxc4 36. Nxc5 Nxe3 37. Ne6+ Kg8 38. Nxd8 Nxf5 39. Nxb7 Kf8 40. d6 Rh7 41. Be4 Rg7 42. Bc6 Nd4 43. Bd5 Ke8 44. Nc5 f5 45. Kxh3 e4 46. Kg2 e3 47. Bc4 f4 48. Ne4 f3+ 49. Kf1 e2+ 50. Kf2 Nc2 51. Bxe2 fxe2 52. Kxe2 Nd4+ 53. Kd3 Nf5 54. Kc4 Nxg3 55.
Nc5 Nf5 56. Kd5 Rg6 57. d7+ Ke7 58. Ne6 Ne3+ 0-1

[Event "*** Titled Tuesday Blitz"]
[Site "Chess.com"]
[Date "2020.02.04"]
[Round "3"]
[White "dangerousattack1st"]
[Black "KRASAVCHIK2002"]
[Result "0-1"]
[WhiteElo "2804"]
[BlackElo "2518"]
[TimeControl "180+2"]
[EndTime "9:39:01 PST"]
[Termination "KRASAVCHIK2002 won by checkmate"]

1. e4 e5 2. Nf3 Nc6 3. Bc4 Nf6 4. d3 h6 5. O-O d6 6. c3 g5 7. d4 g4 8. dxe5 gxf3 9. exf6 Qxf6 10. Qxf3 Qxf3 11.
gxf3 Bh3 12. Kh1 Bxf1 13. Bxf1 h5 14. Na3 O-O-O 15. Bg5 Be7 16. Bh3+ Kb8 17. Be3 Ne5 18. f4 Ng4 19. Kg2 Rhg8 20. Kf3 d5 21. exd5 Rxd5 22. Ke2 Bxa3 23. bxa3 Nxe3 24. fxe3 Rgd8 25. Rg1 Rd2+ 26. Kf3 Rxh2 27. Bf5 Rxa2 28. Rg7 Rxa3 29. c4 Re8 30. Be4 f5 31. Bxf5 Rexe3+ 32. Kg2 a5 33. Rg8+ Ka7 34. Rg7 Ra2+ 35. Kf1 Rc3 36. Re7 Rc1+ 37. Re1 Rxe1+ 38. Kxe1 Ra4 39. Bd3 Kb6 40. f5 Kc6 41. f6 Kd7 42. Bf5+ Ke8 43. Be6 Kf8 44. Kd2 c6 45. Kc3 b5 46. c5 Rf4 47. f7 Rxf7 48. Bxf7 Kxf7 49. Kd4 Ke6 50. Ke4 h4 51. Kf3 h3 52.
Kg3 Kd5 53. Kxh3 Kxc5 54. Kg4 Kc4 55. Kf3 Kc3 56. Ke2 a4 57. Kd1 Kb2 58. Kd2 a3 59.
Kd3 a2 60. Kd4 a1=Q 61. Kc5 Qc1+ 62. Kb4 Qc3# 0-1

[Event "*** Titled Tuesday Blitz"]
[Site "Chess.com"]
[Date "2020.02.04"]
[Round "3"]
[White "gmcorrales"]
[Black "PIwan"]
[Result "1-0"]
[WhiteElo "2822"]
[BlackElo "2504"]
[TimeControl "180+2"]
[EndTime "9:39:02 PST"]
[Termination "gmcorrales won by resignation"]

1. e4 e6 2. d4 d5 3. e5 c5 4. c3 Qb6 5. Nf3 Nc6 6. a3 f6 7. b4 c4 8. a4 a6 9. Be2 fxe5 10. Nxe5 Nxe5 11. dxe5 g6 12. Be3 Qc7 13. f4 Ne7 14. g4 Bd7 15. Nd2 g5 16. Nf3 gxf4 17. Bxf4 Ng6 18.
Bg3 Bg7 19. Qd4 O-O 20. O-O Bh6 21. g5 Bg7 22. h4 Ne7 23. Bh2 Be8 24. a5 Bh5 25. Rae1 Nc6 26. Qd2 Bxf3 27. Bxf3 Bxe5 28. Bg4 Bxh2+ 29. Qxh2 Rxf1+ 30. Rxf1 Qxh2+ 31. Kxh2 Re8 32. Rf6 Nd8 33. Kg3 Kg7 34. h5 Re7 35. h6+ Kg8 36.
Bh5 Rd7 37. Kf4 d4 38. cxd4 Rxd4+ 39. Ke3 Rd5 40. Kf4 c3 41. Kg3 Rxg5+ 42. Kh4 c2 43. Rf1 Rd5 44. Bf3 Rd4+ 45. Kg5 Rxb4 46. Rc1 Rc4 47. Be2 Rc5+ 48. Kf6 Nc6 49. Bd3 Nb4 50.
Rg1+ Kf8 51. Bxh7 Rf5+ 52. Bxf5 exf5 53. h7 1-0

[Event "*** Titled Tuesday Blitz"]
[Site "Chess.com"]
[Date "2020.02.04"]
[Round "3"]
[White "kinga2008"]
[Black "WPWPWP-2015"]
[Result "0-1"]
[WhiteElo "1943"]
[BlackElo "2551"]
[TimeControl "180+2"]
[EndTime "9:39:03 PST"]
[Termination "WPWPWP-2015 won by resignation"]

1. e3 e5 2. Nf3 Nc6 3. d4 e4 4.
Nfd2 d5 5. c4 Nf6 6. Nc3 dxc4 7.
Ndxe4 Nxe4 8. Nxe4 Bf5 9. Qf3 Be6 10. Nd2 Bb4 11. Be2 O-O 12. O-O c3 13. Ne4 Bd5 14. Qf4 f5 15. Ng5 h6 16. Nf3 Qe7 17. a3 Bd6 18.
Qh4 Rf6 19. Ne5 Nxe5 20. dxe5 Qxe5 21. f4 cxb2 22. fxe5 bxa1=Q 23. exf6 Qxf6 24. Qxf6 gxf6 25. Rxf5 Be5 26. Bf3 Be6 27. Rh5 Kg7 28. Bxb7 Rb8 29. Be4 Bg4 30. Rh4 f5 31. Bf3 Bf6 32. Bxg4 Bxh4 33. Bxf5 Kf6 34. Bc2 Bg5 35. g3 Ke5 36. h4 Be7 37. a4 Bd6 38. Bd2 Ke6 39. Kf2 Rb2 40. Be1 Rxc2+ 41. Kf3 Ra2 42. a5 Ra4 43. e4 h5 44. Bd2 Ra3+ 45. Kf2 Bxg3+ 46. Kg2 0-1

[Event "*** Titled Tuesday Blitz"]
[Site "Chess.com"]
[Date "2020.02.04"]
[Round "3"]
[White "Kostina_Nadezhda"]
[Black "przemekpiotrowski"]
[Result "0-1"]
[WhiteElo "2174"]
[BlackElo "2379"]
[TimeControl "180+2"]
[EndTime "9:39:05 PST"]
[Termination "przemekpiotrowski won by resignation"]

1. e4 c5 2. Nf3 Nc6 3. d4 cxd4 4. Nxd4 Nf6 5. Nc3 d6 6. g3 e5 7. Nde2 Bg4 8. Bg2 Qd7 9. Bg5 Nd4 10. h3 Bf3 11.
O-O Nxe2+ 12. Nxe2 Bxg2 13. Kxg2 Nxe4 14. Be3 Be7 15. Kh2 O-O 16. Qd3 Nf6 17. Rad1 d5 18. Bg5 d4 19. f4 h6 20. fxe5 hxg5 21. exf6 Bxf6 22. Nxd4 Rad8 23. Nf5 Qe6 24. Qf3 Rxd1 25. Rxd1 Re8 26. Rd2 Bxb2 27. Qxb7 Qxf5 28. Qxb2 Qf1 29. Qb7 Re1 30. Qg2 Qc4 31. Qf2 Rf1 32. Qe2 Qxe2+ 33. Rxe2 Ra1 34. Re8+ Kh7 35. Re7 Rxa2 36. Rxf7 Rxc2+ 37. Kg1 a5 38. Rf5 a4 39. Ra5 Rc1+ 40.
Kf2 Rc2+ 41. Kf3 Rc3+ 42. Kg4 a3 43. Ra6 g6 44. Ra7+ Kh6 45. Ra8 Rb3 46. Ra7 Rb4+ 47. Kf3 Rb3+ 48. Kg4 Rc3 49. Ra8 Kg7 50. Ra6 Kf7 51.
Ra7+ Ke6 52. Ra6+ Kd5 53. Ra4 Rc4+ 54. Rxc4 Kxc4 55. Kxg5 a2 56. Kxg6 a1=Q 57. h4 Qg1 58. h5 Qxg3+ 59. Kh7 Qg5 60. h6 Kd5 61. Kh8 Qxh6+ 0-1

[Event "*** Titled Tuesday Blitz"]
[Site "Chess.com"]
[Date "2020.02.04"]
[Round "3"]
[White "Raspadsistema"]
[Black "Misha_Bilous"]
[Result "1-0"]
[WhiteElo "2816"]
[BlackElo "2498"]
[TimeControl "180+2"]
[EndTime "9:39:06 PST"]
[Termination "Raspadsistema won by resignation"]

1. e4 c5 2. Nc3 a6 3. g3 b5 4.
Bg2 Bb7 5. Nh3 e6 6. d3 h5 7.
O-O h4 8. g4 Nc6 9. f4 Nd4 10.
Be3 Ne7 11. Ne2 Nec6 12. c3 Nxe2+ 13. Qxe2 Be7 14. Qf2 d6 15. d4 cxd4 16. cxd4 d5 17. e5 Qd7 18. f5 O-O-O 19. Nf4 Rhf8 20. Nd3 Kb8 21. Rac1 Rc8 22. a3 Na5 23. Rxc8+ Qxc8 24. Rc1 Qd7 25. f6 gxf6 26. exf6 Bd6 27. Bf4 Nc4 28. a4 Bxf4 29. Qxf4+ Qd6 30. Qxd6+ Nxd6 31. Ne5 Rc8 32.
Rxc8+ Kxc8 33. axb5 axb5 34. Kf2 Kd8 35. Ke3 Ke8 36. Kf4 Kf8 37. Kg5 Ne8 38. Nd7+ Kg8 39. Kxh4 Bc8 40. Nb6 Bb7 41. Kg5 Kf8 42. h4 Kg8 43. h5 Kh7 44. Nd7 Bc8 45. Ne5 Kg8 46. Bf1 Nd6 47. Bd3 Bb7 48. Kf4 b4 49. g5 Ne8 50. Nd7 Bc6 51. Nb8 Ba4 52. Ke5 Nc7 53. Na6 b3 54. Nxc7 1-0

[Event "*** Titled Tuesday Blitz"]
[Site "Chess.com"]
[Date "2020.02.04"]
[Round "3"]
[White "wonderfultime"]
[Black "Nikolakis2014"]
[Result "1-0"]
[WhiteElo "2979"]
[BlackElo "2703"]
[TimeControl "180+2"]
[EndTime "9:39:07 PST"]
[Termination "wonderfultime won by resignation"]

1. d4 Nf6 2. Nf3 e6 3. Bf4 d5 4. e3 Bd6 5. Bg3 O-O 6. Nbd2 c5 7. c3 Qc7 8. Bd3 Nbd7 9. O-O e5 10. dxe5 Nxe5 11.
Nxe5 Bxe5 12. Re1 Re8 13. e4 Bxg3 14. hxg3 Bg4 15. Qc2 c4 16. Bf1 Bh5 17. exd5 b5 18. b3 Bg6 19. Qb2 cxb3 20. Qxb3 Rxe1 21. Rxe1 a6 22.
c4 Qa5 23. Rd1 Rd8 24. Nf3 Ne4 25. cxb5 axb5 26. d6 Qb6 27. Rd4 Ng5 28. Rd5 Ne4 29. Qb2 b4 30. d7 Nc3 31. Rd4 h6 32. Rxb4 Qf6 33. Rd4 Ne4 34. Qb4 Qe6 35. Bc4 Qf6 36. Bd3 Ng5 37. Bxg6 Nxf3+ 38. gxf3 fxg6 39. Kg2 Kh7 40. Qd6 Qf7 41. a4 g5 42. a5 Qf5 43. Qd5 Qf6 44. Qe4+ Kh8 45. a6 g4 46. fxg4 1-0

[Event "*** Titled Tuesday Blitz"]
[Site "Chess.com"]
[Date "2020.02.04"]
[Round "3"]
[White "killer311"]
[Black "Witik"]
[Result "0-1"]
[WhiteElo "2235"]
[BlackElo "2590"]
[TimeControl "180+2"]
[EndTime "9:39:08 PST"]
[Termination "Witik won by resignation"]

1. d4 Nf6 2. Nf3 g6 3. c4 Bg7 4. Nc3 O-O 5. g3 d6 6. Bg2 Nc6 7. O-O a6 8. Qd3 Nd7 9. e4 e5 10. d5 Nb4 11. Qd2 a5 12. a3 Na6 13. b3 Nac5 14.
Qc2 f5 15. Bg5 Bf6 16. Bxf6 Nxf6 17. Nd2 f4 18. b4 Na6 19. Rab1 g5 20. Nb5 c6 21. Nc3 axb4 22. axb4 c5 23. bxc5 Nxc5 24. Nb3 b6 25. Nxc5 bxc5 26. Ra1 Bd7 27. Qb2 Rb8 28. Qa3 Rb4 29. Qa6 Qc7 30. Rfb1 Rfb8 31. Rxb4 cxb4 32. Nd1 Be8 33. Nb2 Nd7 34. Qc6 Qxc6 35. dxc6 Nc5 36. c7 Rc8 37. Rd1 Nb7 38. Bh3 Rxc7 39. Be6+ Bf7 40.
Bd5 Nc5 41. Bxf7+ Kxf7 42. Rxd6 Nxe4 43. Rb6 Rd7 44. Rxb4 f3 45. Kf1 Rd2 46. Ke1 Re2+ 47. Kd1 Nxf2+ 48. Kc1 Rxb2 49. Kxb2 Nd3+ 50. Kc3 Nxb4 51.
Kxb4 f2 52. c5 f1=Q 53. c6 Ke6 0-1

[Event "*** Titled Tuesday Blitz"]
[Site "Chess.com"]
[Date "2020.02.04"]
[Round "3"]
[White "Shield12"]
[Black "AlexanderKing"]
[Result "1-0"]
[WhiteElo "2883"]
[BlackElo "2519"]
[TimeControl "180+2"]
[EndTime "9:39:09 PST"]
[Termination "Shield12 won on time"]

1. e4 e5 2. Nf3 Nc6 3. Nc3 Nf6 4. Be2 d5 5. Bb5 d4 6. Ne2 Nxe4 7. d3 Nf6 8. Nxe5 Qd5 9. Bxc6+ bxc6 10. Nf3 c5 11.
O-O Bd6 12. Nf4 Qf5 13. Re1+ Kf8 14. Ne2 Bb7 15. Ng3 Qg4 16. Nd2 Qh4 17. Nde4 Ng4 18. h3 Nxf2 19. Kxf2 Bxe4 20. Rxe4 Qxg3+ 21. Kf1 f5 22. Re1 Kf7 23. Qh5+ g6 24. Qg5 Qxg5 25. Bxg5 Rae8 26.
Kf2 h6 27. Rxe8 Kxe8 28. Bd2 Kf7 29. a3 Rb8 30. b3 g5 31. Kf3 Kf6 32. g4 Kg6 33.
Re1 Kf6 34. Rb1 Rb6 35. b4 cxb4 36. axb4 Rc6 37. Rb2 Rb6 38. Rb3 Rb5 39. Ke2 Ke6 40.
Kf3 c5 41. Ra3 cxb4 42. Rxa7 b3 43. cxb3 Rxb3 44. Ke2 Rb2 45. Kd1 Rb1+ 46. Kc2 Rh1 47. Ra6 Kd7 48. gxf5 Rxh3 49. Ra7+ Kc6 50. Rh7 Rf3 51.
Rxh6 Rxf5 52. Bb4 Rd5 53. Kb3 Kc7 54. Kc4 Rf5 55. Bxd6+ Kd7 56. Bc5 g4 57. Rg6 Rf4 58. Kd5 Ke8 59. Bxd4 Kf7 60. Rg7+ Kf8 61. Rg5 Kf7 62.
Be5 Rf3 63. d4 1-0